 Dungeon Crawl Stone Soup version 0.31.0-9-g3a7656b989 (webtiles) character file.

Game seed: 12606244375352059285

1493 graki42 the Conjurer (level 8, -2/60 HPs)
             Began as a Gnoll Conjurer on Jan 23, 2024.
             Slain by a two-headed ogre
             ... wielding a +0 giant spiked club
              (27 damage)
             ... on level 6 of the Dungeon on Jan 25, 2024.
             The game lasted 00:19:30 (6417 turns).

graki42 the Conjurer (Gnoll Conjurer)               Turns: 6417, Time: 00:19:31

Health: -2/60      AC:  4    Str:  7    XL:     8   Next: 81%
Magic:  0/17       EV: 13    Int: 20    God:
Gold:   133        SH:  5    Dex: 10    Spells: 8/19 levels left

rFire   . . .        k - +1 dagger
rCold   . . .        (no shield)
rNeg    . . .        a - +0 robe
rPois   .            (no helmet)
rElec   .            (no cloak)
rCorr   .            m - +0 pair of gloves
SInv    .            s - +0 pair of boots {Fly}
Will    .....        t - amulet of reflection
Stlth   +++          (no ring)
HPRegen 0.30/turn    (no ring)
MPRegen 0.15/turn

%: reflection
@: flying
A: fangs 1, strong nose, distributed training
a: no special abilities


You were on level 6 of the Dungeon.
You visited 2 branches of the dungeon, and saw 7 of its levels.

You collected 271 gold pieces.
You spent 138 gold pieces at shops.

Inventory:

Hand Weapons
 k - a +1 dagger (weapon)
Armour
 a - a +0 robe (worn)
 m - a +0 pair of gloves (worn)
 s - a +0 pair of boots of flying (worn)
Jewellery
 h - a ring of fire
 t - an amulet of reflection (around neck)
Wands
 c - a wand of paralysis (9)
 g - a wand of light (4)
 l - a wand of polymorph (12)
Scrolls
 d - 2 scrolls of amnesia
 e - 4 scrolls of teleportation
 f - a scroll of torment
 i - a scroll of noise
 p - a scroll of enchant weapon
Potions
 b - a potion of magic
 n - 3 potions of heal wounds {unknown}
 o - 3 potions of resistance {unknown}
 q - a potion of lignification
 r - a potion of haste
 u - a potion of enlightenment
 v - a potion of ambrosia {unknown}
 w - a potion of curing {unknown}
 x - a potion of might {unknown}


   Skills:
 + Level 3.7 Fighting
 + Level 3.7 Short Blades
 + Level 3.7 Long Blades
 + Level 3.7 Axes
 + Level 3.7 Maces & Flails
 + Level 3.7 Polearms
 + Level 3.7 Staves
 + Level 3.7 Ranged Weapons
 + Level 3.7 Throwing
 + Level 3.7 Armour
 + Level 6.0 Dodging
 + Level 5.6 Stealth
 + Level 3.7 Shields
 + Level 3.7 Unarmed Combat
 + Level 6.3 Spellcasting
 + Level 7.8 Conjurations
 + Level 3.0 Hexes
 + Level 3.0 Summonings
 + Level 3.0 Necromancy
 + Level 3.0 Translocations
 + Level 3.0 Fire Magic
 + Level 3.0 Ice Magic
 + Level 3.0 Air Magic
 + Level 3.0 Earth Magic
 + Level 3.0 Alchemy
 + Level 4.1 Invocations
 + Level 3.7 Evocations
 + Level 3.3 Shapeshifting


You had 8 spell levels left.
You knew the following spells:

 Your Spells              Type           Power      Damage    Failure   Level
a - Magic Dart            Conj           100%       1d8       1%          1
b - Searing Ray           Conj           74%        2d7       1%          2
c - Fulminant Prism       Conj/Alch      14%        3d8       11%         4
d - Iskenderun's Mystic   Conj/Tloc      28%        2d7       11%         4

Your spell library contained the following spells:

 Spells                   Type           Power      Damage    Failure   Level
 Apportation              Tloc           36%        N/A       3%          1
 Jinxbite                 Hex            36%        N/A       4%          2
 Call Canine Familiar     Summ           18%        N/A       9%          3
 Sigil of Binding         Hex            18%        N/A       9%          3
 Dimensional Bullseye     Hex/Tloc       9%         N/A       28%         4
 Alistair's Intoxication  Alch           12%        N/A       63%         5
 Malign Gateway           Summ/Tloc      9%         N/A       100%        7
 Summon Horrible Things   Summ           9%         N/A       100%        8


Dungeon Overview and Level Annotations

Branches:
Dungeon (6/15)             Temple (1/1) D:5

Altars:
Dithmenos
Elyvilon
Fedhas
Gozag
Hepliaklqana
Kikubaaqudgha
Makhleb
Nemelex Xobeh
Okawaru
Qazlal
Ru
Trog
Uskayaw
Vehumet
Wu Jian
Xom
Yredelemnul
The Shining One

Shops:
D:2 [   D:5 (=[?

Portals:
Sewer: D:6


Innate Abilities, Weirdness & Mutations

You have very sharp teeth.
Your uncanny sense of smell can sniff out nearby items.
Your experience applies equally to all skills.


Message History

The two-headed ogre barely misses you.
The two-headed ogre hits you with a +0 giant spiked club!
Your fulminant prism crackles loudly.
Casting: Fulminant Prism (dangerous; 11% risk of failure)
Confirm with . or Enter, or press ? or * to list all spells.
You erupt in a blast of force!
The mystic blast hits the river rat!
You kill the river rat!
The mystic blast hits the two-headed ogre!
The two-headed ogre is lightly wounded.
The two-headed ogre is knocked back by the mystic blast.
Your fulminant prism crackles loudly.
Your fulminant prism explodes!
The blast of energy engulfs the two-headed ogre!
The two-headed ogre is moderately wounded.
You hear a shout!
Casting: Iskenderun's Mystic Blast (dangerous; 11% risk of failure)
Confirm with . or Enter, or press ? or * to list all spells.
Okay, then.
Your fulminant prism explodes!
The blast of energy engulfs the two-headed ogre!!
The two-headed ogre is severely wounded.
You hear a shout!
Casting: Iskenderun's Mystic Blast (dangerous; 11% risk of failure)
Confirm with . or Enter, or press ? or * to list all spells.
Aiming: Searing Ray (safe; 1% risk of failure)
Press: ? - help, Shift-Dir - straight line, f - two-headed ogre
Aim: a two-headed ogre, wielding two +0 giant spiked clubs (severely wounded, 91% to hit)
The searing ray hits the two-headed ogre.
The two-headed ogre is severely wounded. (Press . to maintain the ray.)
The searing ray misses the two-headed ogre.
You hear the quick rusting of a drain nearby.
The two-headed ogre barely misses you. The two-headed ogre closely misses you.
You hit the two-headed ogre. You bite the two-headed ogre.
The two-headed ogre is almost dead.
You hit the two-headed ogre but do no damage.
The two-headed ogre is almost dead.
The two-headed ogre hits you with a +0 giant spiked club!
The two-headed ogre hits you with a +0 giant spiked club!!
You die...

## #.. ∆ # # #.
... .#.#. #<#
.#..(#.##.#
..$##...#.#
..........# #
.....[.@..#####.#
.......O........#
#............####
..............#
#...#.........#
#...#####.....#
#.. ##...## #.
###.## #...####


You could see a two-headed ogre.

Vanquished Creatures
  2 orc warriors (D:5)
  A sky beast (D:5)
  A black bear (D:5)
  2 ogres
  3 scorpions
  A bombardier beetle (D:4)
  2 jellies
  3 hounds
  2 orc priests
  2 sleepcaps (D:5)
  4 iguanas
  3 orc wizards
  9 adders
  8 gnolls
  A river rat (D:6)
  A shadow imp (D:5)
  A white imp (D:5)
  3 ribbon worms (D:2)
  3 dart slugs
  15 orcs
  5 ball pythons
  5 bats
  8 endoplasms
  A giant cockroach (D:6)
  7 goblins
  5 hobgoblins
  7 jackals
  A kobold (D:1)
  8 quokkas
  5 frilled lizards
  3 rats
122 creatures vanquished.

Vanquished Creatures (others)
  5 fulminant prisms
5 creatures vanquished.

Grand Total: 127 creatures vanquished

Notes
Turn   | Place    | Note
-------+----------+-------------------------------------------
     0 | D:1      | graki42 the Gnoll Conjurer began the quest for the Orb.
     0 | D:1      | Reached XP level 1. HP: 13/13 MP: 6/6
   317 | D:1      | Reached XP level 2. HP: 19/19 MP: 5/7
   320 | D:1      | Learned a level 2 spell: Searing Ray
   820 | D:2      | Found Yptecete's Armour Emporium.
   823 | D:2      | Reached skill level 5 in Spellcasting
   823 | D:2      | Reached XP level 3. HP: 25/25 MP: 5/9
   872 | D:2      | Found a burning altar of Makhleb.
   888 | D:2      | Reached skill level 1 in Invocations
   966 | D:2      | Reached skill level 1 in Fighting
   966 | D:2      | Reached skill level 1 in Short Blades
   966 | D:2      | Reached skill level 1 in Long Blades
   966 | D:2      | Reached skill level 1 in Axes
   966 | D:2      | Reached skill level 1 in Maces & Flails
   966 | D:2      | Reached skill level 1 in Polearms
   966 | D:2      | Reached skill level 1 in Staves
   966 | D:2      | Reached skill level 1 in Ranged Weapons
   966 | D:2      | Reached skill level 1 in Throwing
   966 | D:2      | Reached skill level 1 in Armour
   966 | D:2      | Reached skill level 1 in Shields
   966 | D:2      | Reached skill level 1 in Unarmed Combat
   966 | D:2      | Reached skill level 1 in Evocations
  1164 | D:2      | Reached skill level 1 in Shapeshifting
  1164 | D:2      | Reached XP level 4. HP: 28/32 MP: 0/11
  1533 | D:2      | Reached skill level 1 in Hexes
  1533 | D:2      | Reached skill level 1 in Summonings
  1533 | D:2      | Reached skill level 1 in Necromancy
  1533 | D:2      | Reached skill level 1 in Translocations
  1533 | D:2      | Reached skill level 1 in Fire Magic
  1533 | D:2      | Reached skill level 1 in Ice Magic
  1533 | D:2      | Reached skill level 1 in Air Magic
  1533 | D:2      | Reached skill level 1 in Earth Magic
  1533 | D:2      | Reached skill level 1 in Alchemy
  2358 | D:3      | Learned a level 4 spell: Fulminant Prism
  2363 | D:3      | Learned a level 4 spell: Iskenderun's Mystic Blast
  2426 | D:3      | Found a white marble altar of Elyvilon.
  2553 | D:3      | Reached XP level 5. HP: 37/37 MP: 12/12
  2612 | D:3      | Found an ornate altar of the Wu Jian Council.
  3180 | D:4      | Found a stormy altar of Qazlal.
  3446 | D:4      | Reached XP level 6. HP: 22/44 MP: 2/14
  3683 | D:4      | Reached skill level 5 in Dodging
  3750 | D:4      | Found a bloodstained altar of Trog.
  4150 | D:4      | Reached XP level 7. HP: 50/50 MP: 15/15
  4358 | D:5      | Entered Level 5 of the Dungeon
  4618 | D:5      | Found Miuttoas's Magic Scroll Shop.
  4619 | D:5      | Found Byoschima's Armour Shop.
  4619 | D:5      | Found Toecvun's Antique Weapon Shop.
  4707 | D:5      | Found Kairhah's Jewellery Shop.
  4718 | D:5      | Reached skill level 5 in Stealth
  4833 | D:5      | Bought a +0 pair of boots of flying for 138 gold pieces
  4895 | D:5      | Found a shadowy altar of Dithmenos.
  4914 | D:5      | Found a staircase to the Ecumenical Temple.
  5048 | Temple   | Entered the Ecumenical Temple
  5127 | D:5      | Found a blossoming altar of Fedhas.
  5291 | Temple   | Reached XP level 8. HP: 55/58 MP: 11/16
  5920 | D:6      | Noticed a two-headed ogre
  6368 | D:6      | Upgraded the game from 0.31.0-7-gf635a9b802 to
                  | 0.31.0-9-g3a7656b989
  6386 | D:6      | Found a glowing drain.
  6417 | D:6      | Slain by a two-headed ogre

Illustrated notes

Levels and vault maps discovered:
D:1:      sevenhm_arrival_forest_fort_small_3, layout_basic,
          amcnicky_mini_pool_small
D:2:      wad_woods_stonehenge, layout_loops_ring, serial_shops, shop,
          minmay_crystal_room
D:3:      layout_basic, mainiacjoe_overflow_24_doors,
          mainiacjoe_overflow_six_doors_small, corexii_leaking_fountain
D:4:      layout_gridville, mainiacjoe_overflow_cross_hatched,
          amcnicky_altar_gilded
D:5:      layout_basic, mainiacjoe_overflow_brackets,
          grunt_dithmenos_smoke_and_mirrors, minmay_temple_entry_sparse_star,
          minmay_shop_grid_forest, nicolae_nh_ransacked_shop
D:6:      layout_loops_ring, nicolae_overflow_hidden_temple, chei_slow_surprise,
          gup_sewer_entry_bowl, chequers_hall_statues_wall_a,
          uniq_crazy_yiuf_cottage
Temple:   nicolae_temple_ecumenical_triangle

Skill      XL: |  1  2  3  4  5  6  7  8 |
---------------+-------------------------+-----
Spellcasting   | 5 6 |  6.3
Invocations    | 1 2 3 4 |  4.1
Fighting       | 1 2 3 |  3.7
Short Blades   | 1 2 3 |  3.7
Long Blades    | 1 2 3 |  3.7
Axes           | 1 2 3 |  3.7
Maces & Flails | 1 2 3 |  3.7
Polearms       | 1 2 3 |  3.7
Staves         | 1 2 3 |  3.7
Ranged Weapons | 1 2 3 |  3.7
Throwing       | 1 2 3 |  3.7
Armour         | 1 2 3 |  3.7
Shields        | 1 2 3 |  3.7
Unarmed Combat | 1 2 3 |  3.7
Evocations     | 1 2 3 |  3.7
Shapeshifting  | 1 2 3 |  3.3
Hexes          | 1 2 3 |  3.0
Summonings     | 1 2 3 |  3.0
Necromancy     | 1 2 3 |  3.0
Translocations | 1 2 3 |  3.0
Fire Magic     | 1 2 3 |  3.0
Ice Magic      | 1 2 3 |  3.0
Air Magic      | 1 2 3 |  3.0
Earth Magic    | 1 2 3 |  3.0
Alchemy        | 1 2 3 |  3.0
Dodging        | 5 6 |  6.0
Stealth        | 5 |  5.6
Conjurations   | |  7.8

Action                     |  1- 3 |  4- 6 |  7- 9 || total
---------------------------+-------+-------+-------++-------
  Melee: Dagger            |     2 |   110 |    24 ||   136
         Bite              |       |    15 |     4 ||    19
         Punch             |       |     1 |     1 ||     2
   Cast: Magic Dart        |    47 |    13 |    16 ||    76
         Searing Ray       |     3 |    18 |    39 ||    60
         Iskenderun's Myst |       |       |     4 ||     4
         Fulminant Prism   |       |       |     5 ||     5
    Use: Scroll            |       |       |     9 ||     9
   Stab: Sleeping          |       |    10 |     1 ||    11
 Armour: Robe              |     8 |    48 |    72 ||   128
  Dodge: Dodged            |    10 |    68 |    77 ||   155
  Block: Other             |       |       |    21 ||    21
